 Dungeon Crawl Stone Soup version 0.30.0-29-ga12c61a403 (webtiles) character file.

Game seed: 8109865230234332869

121 Hubris850 the Insei (level 5, 0/37 HPs)
             Began as a Merfolk Transmuter on June 5, 2023.
             Slain by an orc wizard
             ... wielding a +0 dagger
              (2 damage)
             ... on level 4 of the Dungeon.
             The game lasted 00:05:14 (2584 turns).

Hubris850 the Insei (Merfolk Transmuter)            Turns: 2584, Time: 00:05:14

Health: 0/37       AC:  4    Str: 11    XL:     5   Next: 5%
Magic:  8/8        EV: 13    Int: 14    God:
Gold:   137        SH:  0    Dex: 14    Spells: 4/8 levels left

rFire   + . .        x - +2 hand axe (flame)
rCold   + . .        (no shield)
rNeg    . . .        a - +0 robe
rPois   .            j - +0 helmet
rElec   .            w - scarf {rC+ rF+}
rCorr   .            t - +0 pair of gloves
SInv    .            (no boots)
Will    .....        (no amulet)
Stlth   +            (no ring)
HPRegen 0.26/turn    (no ring)
MPRegen 0.11/turn

%: no passive effects
@: no status effects
A: (nimble swimmer 2), mertail
a: no special abilities


You were on level 4 of the Dungeon.
You visited 1 branch of the dungeon, and saw 4 of its levels.

You collected 137 gold pieces.

Inventory:

Hand Weapons
 u - a +0 battleaxe
 x - a +2 hand axe of flaming (weapon)
Missiles
 q - 6 poisoned darts
Armour
 a - a +0 robe (worn)
 j - a +0 helmet (worn)
 t - a +0 pair of gloves (worn)
 w - a scarf of resistance (worn)
Wands
 s - a wand of acid (7)
Scrolls
 e - a scroll of enchant armour {unknown}
 g - 6 scrolls of identify {unknown}
 h - a scroll of enchant weapon {unknown}
 l - a scroll of fog {unknown}
 m - a scroll of butterflies {unknown}
 p - a scroll of teleportation {unknown}
 r - a scroll of magic mapping {unknown}
 v - a scroll of poison {unknown}
Potions
 b - a potion of lignification
 c - a potion of attraction {unknown}
 d - a potion of flight {unknown}
 f - 2 potions of magic {unknown}
 i - 3 potions of brilliance {unknown}
 k - 2 potions of curing {unknown}
 n - a potion of mutation {unknown}
 o - 2 potions of ambrosia {unknown}


   Skills:
 - Level 1.1 Fighting
 - Level 3.4 Dodging
 - Level 5.0 Unarmed Combat
 + Level 2.4 Spellcasting
 + Level 3.4 Transmutations
 + Level 1.3 Poison Magic


You had 4 spell levels left.
You knew the following spells:

 Your Spells              Type           Power      Damage    Failure   Level
a - Beastly Appendage     Tmut           22%        N/A       5%          1
b - Spider Form           Tmut/Pois      8%         N/A       26%         3

Your spell library contained the following spells:

 Spells                   Type           Power      Damage    Failure   Level
 Wereblood                Tmut           11%        N/A       9%          2
 Passwall                 Tmut/Erth      5%         N/A       17%         2
 Ensorcelled Hibernation  Hex/Ice        2%         N/A       34%         2
 Swiftness                Air            1%         N/A       56%         3
 Vhi's Electric Charge    Tloc/Air       2%         N/A       56%         3
 Ice Form                 Ice/Tmut       6%         N/A       73%         4
 Manifold Assault         Tloc           1%         N/A       92%         4
 Arcjolt                  Conj/Air       0%         1d10      99%         5
 Dispersal                Tloc           0%         N/A       100%        6
 Disjunction              Tloc           0%         N/A       100%        8
 Maxwell's Capacitive Co  Air            0%         ∞         100%        8


Dungeon Overview and Level Annotations

Branches:
Dungeon (4/15)
 Temple: D:4-7

Altars:


Innate Abilities, Weirdness & Mutations

((You are very nimble when in or above water. (Stealth+, EV+, Speed+++)))
Your lower body shifts to a powerful aquatic tail in water.


Message History

The puff of flame hits you. You resist.
You hit the orc priest. You burn the orc priest. You punch the orc priest.
The orc priest is almost dead.
You barely miss the orc wizard.
The orc priest hits you with a +0 hand axe.
The orc wizard hits you but does no damage. x2
The orc priest barely misses you.
You hit the orc priest. You burn the orc priest.
You kill the orc priest!
You hit the orc wizard. You burn the orc wizard.
The orc wizard hits you with a +0 dagger.
* * * LOW HITPOINT WARNING * * *
Your Poison Magic skill increases to level 1!
You have reached level 5!
You feel stronger.
You barely miss the orc wizard.
The orc wizard is moderately wounded.
The orc wizard points at you and mumbles some strange words.
The puff of flame hits you. You resist.
* * * LOW HITPOINT WARNING * * *
You hit the orc wizard. You burn the orc wizard.
The orc wizard is heavily wounded.
The orc wizard hits you but does no damage.
You hit the orc wizard. You burn the orc wizard.
The orc wizard is severely wounded.
The orc wizard closely misses you. The orc wizard casts a spell at you.
The magic dart hits you.
* * * LOW HITPOINT WARNING * * *
You hit the orc wizard but do no damage.
The orc wizard is severely wounded.
The orc wizard barely misses you.
You hit the orc wizard but do no damage.
The orc wizard is severely wounded.
The orc wizard hits you with a +0 dagger.
* * * LOW HITPOINT WARNING * * *
You miss the orc wizard.
The orc wizard is severely wounded.
The orc wizard hits you with a +0 dagger.
You die...

#.# #(# #.# #.#
#.#
#############.#
.......<.)....#
##.###.#####.#
##@#####.#
#o))....#.
#..#####.##
#..# #... #.##
#. #. ..


You could see an orc wizard.

Vanquished Creatures
  An orc priest (D:4)
  2 adders
  An ufetubus (D:4)
  3 dart slugs
  3 orcs
  4 ball pythons
  5 endoplasms
  3 giant cockroaches
  6 goblins
  7 hobgoblins
  6 jackals (D:3)
  A quokka (D:3)
  6 bats
  3 frilled lizards
  A kobold (D:1)
  5 rats
57 creatures vanquished.

Notes
Turn   | Place    | Note
-------+----------+-------------------------------------------
     0 | D:1      | Hubris850 the Merfolk Transmuter began the quest for the
                  | Orb.
     0 | D:1      | Reached XP level 1. HP: 15/15 MP: 3/3
   181 | D:1      | Reached XP level 2. HP: 21/21 MP: 5/5
   481 | D:1      | Reached skill level 4 in Unarmed Combat
   946 | D:2      | Reached XP level 3. HP: 20/26 MP: 4/6
  1729 | D:3      | Reached XP level 4. HP: 28/32 MP: 7/7
  1750 | D:3      | Reached skill level 5 in Unarmed Combat
  1760 | D:3      | Learned a level 3 spell: Spider Form
  2579 | D:4      | Reached skill level 1 in Poison Magic
  2579 | D:4      | Reached XP level 5. HP: 11/37 MP: 8/8
  2584 | D:4      | Slain by an orc wizard

Illustrated notes

Levels and vault maps discovered:
D:1:      arrival_zaba_pyramid, layout_basic, patterned_corridor
D:2:      layout_loops_cross
D:3:      layout_basic, minmay_circle_x
D:4:      layout_loops_ring, nicolae_overflow_crystal_walls,
          nicolae_ashenzari_skybound, minmay_stone_trees_small

Skill      XL: |  1  2  3  4 |
---------------+-------------+-----
Dodging        | 3 |  3.4
Unarmed Combat | 4 5 |  5.0
Transmutations | 3 |  3.4
Poison Magic   | 1 |  1.3
Fighting       | |  1.1
Spellcasting   | |  2.4

Action                     |  1- 3 |  4- 6 || total
---------------------------+-------+-------++-------
  Melee: Unarmed           |    97 |    63 ||   160
         Headbutt          |    10 |     8 ||    18
         Punch             |     3 |     5 ||     8
         Battleaxe         |       |    14 ||    14
         Hand axe          |       |    14 ||    14
  Throw: Dart              |     1 |       ||     1
   Cast: Beastly Appendage |    26 |     8 ||    34
   Stab: Sleeping          |     1 |       ||     1
 Armour: Robe              |    24 |    22 ||    46
  Dodge: Dodged            |    59 |    94 ||   153
